 Dungeon Crawl Stone Soup version 0.24-a0-25-g8489be9 (webtiles) character file.

Game seed: 9277678461848067896

76331 Blackhawk the Warrior (level 15, -9/104 HPs)
             Began as a Gargoyle Gladiator on Feb 1, 2019.
             Was the Champion of Okawaru.
             Mangled by a reaper
             ... wielding a +0 scythe of freezing
              (19 damage)
             ... in an ice cave.
             The game lasted 01:10:52 (27849 turns).

Blackhawk the Warrior (Gargoyle Gladiator)         Turns: 27849, Time: 01:10:53

Health: -9/104     AC: 40    Str: 26    XL:     15   Next: 53%
Magic:  17/19      EV: 20    Int: 12    God:    Okawaru [******]
Gold:   1358       SH: 13    Dex: 26    Spells: 14/14 levels left

rFire    . . .     SeeInvis +   a - +5 hand axe of Tenacity {elec, +Rage rElec rF+ Dex-5}
rCold    + . .     Gourm    .   B - +0 shield
rNeg     + . .     Faith    +   c - +0 plate armour of Mualaung {-Cast Dex+5}
rPois    ∞         Spirit   .   o - +1 hat {Int+3}
rElec    +         Reflect  .   V - +0 cloak {+Inv}
rCorr    .         Harm     .   g - +1 pair of gloves "Joqer" {rF- Int-3 Dex+7 SInv}
MR       +....     NoCast   +   y - +0 pair of boots
Stlth    ..........             Y - amulet of faith
HPRegen  0.27/turn              A - +5 ring of strength
MPRegen  0.16/turn              l - +6 ring of dexterity

@: heroism
A: big wings, icy blue scales 2, clever 1, cold resistance 1, negative energy
resistance 1, electricity resistance, wild magic 1, unbreathing, evolution 1,
petrification resistance, rot immunity, AC +11
a: Fly, Heroism, Finesse, Renounce Religion, Evoke Berserk Rage, Evoke
Invisibility


You were in an ice cave.
You worshipped Okawaru.
Okawaru was exalted by your worship.
You were hungry.

You visited 3 branches of the dungeon, and saw 22 of its levels.
You also visited: Ice Cave.

You collected 1892 gold pieces.
You spent 534 gold pieces at shops.

Inventory:

Hand Weapons
 a - the +5 hand axe of Tenacity (weapon) {elec, +Rage rElec rF+ Dex-5}
   (You bought it in a shop on level 4 of the Dungeon)

   Occasionally, upon striking a foe, it will discharge some electrical energy
   and cause terrible harm.
   It affects your dexterity (-5).
   It protects you from fire.
   It insulates you from electricity.
   It lets you go berserk.
 b - a +3 battleaxe of flaming
 r - a +6 dire flail of distortion
 F - a +2 demon trident of freezing
 Z - a +0 broad axe
Missiles
 d - 5 throwing nets
 z - 33 tomahawks (quivered)
Armour
 c - the +0 plate armour of Mualaung (worn) {-Cast Dex+5}
   (You found it on level 15 of the Dungeon)

   It affects your dexterity (+5).
   It prevents spellcasting.
 g - the +1 pair of gloves "Joqer" (worn) {rF- Int-3 Dex+7 SInv}
   (Okawaru gifted it to you on level 15 of the Dungeon)

   It affects your intelligence (-3).
   It affects your dexterity (+7).
   It makes you vulnerable to fire.
   It lets you see invisible.
 o - a +1 hat of intelligence (worn)
 y - a +0 pair of boots (worn)
 B - a +0 shield (worn)
 V - a +0 cloak of invisibility (worn)
Jewellery
 h - a +3 ring of protection
 l - a +6 ring of dexterity (right hand)
 s - an uncursed amulet of the acrobat
 A - a +5 ring of strength (left hand)
 G - an uncursed ring of protection from fire
 Y - an amulet of faith (around neck)
Wands
 k - a wand of random effects (69)
 n - a wand of iceblast (13)
 D - a wand of polymorph (18)
 E - a wand of enslavement (11)
 H - a wand of flame (62)
 K - a wand of paralysis (9)
 M - a wand of digging (4)
 P - a wand of acid (6)
Scrolls
 e - 8 scrolls of teleportation
 i - 2 scrolls of enchant armour
 j - 10 scrolls of remove curse
 q - 3 scrolls of amnesia
 u - 3 scrolls of magic mapping
 C - 3 scrolls of blinking
 R - 2 scrolls of enchant weapon
 T - a scroll of fog
 U - 2 scrolls of fear
Potions
 m - 11 potions of brilliance
 p - 2 potions of mutation
 v - 2 potions of invisibility
 w - a potion of magic
 x - 7 potions of curing
 I - a potion of heal wounds
 J - 2 potions of cancellation
 L - 4 potions of haste
 N - 2 potions of ambrosia
 O - a potion of berserk rage
Miscellaneous
 W - a phial of floods
Comestibles
 f - 34 rations


   Skills:
 * Level 15.8(20.8) Fighting
 + Level 10.7(16.2) Axes
 - Level 5.8(14.5) Maces & Flails
 - Level 2.4(7.4) Throwing
 + Level 13.3(18.3) Armour
 - Level 10.8(15.8) Dodging
 + Level 2.8(7.8) Shields
 - Level 6.5 Invocations
 + Level 2.3 Evocations


You had 14 spell levels left.
You didn't know any spells.
Your spell library contained the following spells:

 Spells                   Type           Power        Failure   Level  Hunger
 Animate Skeleton         Necr           N/A          99%         1    ##.....
 Apportation              Tloc           #.....       99%         1    ##.....
 Beastly Appendage        Tmut           #.....       99%         1    ##.....
 Confusing Touch          Hex            #.....       99%         1    ##.....
 Corona                   Hex            #......      99%         1    ##.....
 Magic Dart               Conj           #...         99%         1    ##.....
 Pain                     Necr           #...         99%         1    ##.....
 Shock                    Conj/Air       #...         99%         1    ##.....
 Summon Small Mammal      Summ           #...         99%         1    ##.....
 Searing Ray              Conj           #.....       100%        2    ###....
 Slow                     Hex            #.......     100%        2    ###....
 Sticks to Snakes         Tmut           #.......     100%        2    ###....
 Swiftness                Chrm/Air       #.......     100%        2    ###....
 Dazzling Spray           Conj/Hex       #.....       100%        3    ####...
 Inner Flame              Hex/Fire       #.......     100%        3    ####...
 Portal Projectile        Hex/Tloc       #.....       100%        3    ####...
 Regeneration             Chrm/Necr      #.........   100%        3    ####...
 Spider Form              Tmut/Pois      #.........   100%        3    ####...
 Static Discharge         Conj/Air       #.......     100%        3    ####...
 Vampiric Draining        Necr           #.........   100%        3    ####...
 Airstrike                Air            #.........   100%        4    #####..
 Animate Dead             Necr           N/A          100%        4    #####..
 Cause Fear               Hex            #.........   100%        4    #####..
 Force Lance              Conj/Tloc      #.......     100%        4    #####..
 Fulminant Prism          Conj/Hex       #.........   100%        4    #####..
 Ice Form                 Ice/Tmut       #.......     100%        4    #####..
 Iskenderun's Mystic Bla  Conj           #.......     100%        4    #####..
 Leda's Liquefaction      Hex/Erth       #.........   100%        4    #####..
 Blade Hands              Tmut           #.........   100%        5    ######.
 Lightning Bolt           Conj/Air       #.........   100%        5    ######.


Dungeon Overview and Level Annotations

Branches:
Dungeon (15/15)            Temple (1/1) D:7            Lair (6/6) D:8
  Swamp (0/4) Lair:4        Snake (0/4) Lair:3        Slime (0/5) Lair:5
    Orc (0/2) D:12         Vaults (0/5) D:14         Depths (0/5) D:15

Altars:
Ashenzari
Cheibriados
Dithmenos
Elyvilon
Fedhas
Gozag
Hepliaklqana
Kikubaaqudgha
Makhleb
Nemelex Xobeh
Okawaru
Qazlal
Ru
Sif Muna
Trog
Uskayaw
Vehumet
Wu Jian
Xom
Yredelemnul
Zin
The Shining One
Jiyva

Shops:
D:4 (([   D:6 ?   D:8 [(=   D:14 }   D:15 }[*[?

Portals:
Trove: D:13 (give 12 potions of heal wounds)


Innate Abilities, Weirdness & Mutations

You are resistant to torment.
Your stone body is resilient. (AC +11)
You are immune to poison.
Your large and strong wings let you fly indefinitely.
You resist negative energy. (rN+)
You are resistant to electric shocks. (rElec)
You can survive without breathing.
You are immune to petrification.
You are immune to rotting.
You are mostly covered in icy blue scales. (AC +3)
Your mind is acute. (Int +2)
Your flesh is cold resistant. (rC+)
Your spells are a little harder to cast, but a little more powerful.
You evolve.


Message History

Please select a direction to dig.
Okay, then.
Unknown command.
Evoke which item? (* to show all) (? for menu, Esc to quit)
Aiming: Iceblast
Press: ? - help, Shift-Dir - straight line The mass of ice explodes!
The iceblast engulfs the reaper.
The reaper partially resists.
The reaper is almost dead.
The reaper hits you from afar with a +0 scythe of freezing!
* * * LOW HITPOINT WARNING * * *
The reaper freezes you.
* * * LOW HITPOINT WARNING * * *
You gain the combat prowess of a mighty hero.
You closely miss the reaper.
The reaper is almost dead.
You hit the reaper.
The reaper is almost dead.
The reaper hits you with a +0 scythe of freezing!!
You die...

##..# #..§○.....§
..§ .#.##
#§§§#..°####..#
...## #☼§§#§☼§§§§...
....###○§.# ..§§...#
....##§○§.###§§#§..#
#...##§§§.§.##.#2.#
#.)##○§#§§.○.#.#..#
####§§###§§....2###
###..§# #.§.....@#
..#..## ##.......#
....## #......##
#..## ##.....# ####
##...## ##.## ###


You could see a reaper.

Vanquished Creatures
  Snorg (Lair:5)
  An ettin (D:15)
  Josephine (Lair:6)
  A fire dragon (Lair:6)
  4 hydras
  8 vault guards
  A centaur warrior (D:15)
  An ogre mage (D:15)
  2 two-headed ogres (D:15)
  9 death yaks
  A tengu warrior (D:15)
  A deep elf knight (D:15)
  A fire crab (Lair:6)
  2 unseen horrors
  An orc knight (D:15)
  2 orc sorcerers (D:15)
  2 cyclopes
  2 ugly things
  3 manticores
  4 elephants (Lair:4)
  7 black mambas
  2 gargoyles
  Joseph (Lair:1)
  2 ice statues (IceCv)
  2 molten gargoyles (Lair:6)
  A rime drake (Lair:4)
  A yaktaur (D:15)
  3 kobold demonologists (D:14)
  9 spiny frogs
  A redback zombie (D:15)
  A freezing wraith (D:13)
  9 komodo dragons
  10 ice devils (IceCv)
  A troll (D:15)
  A polar bear (D:13)
  A queen bee (D:8)
  Grinder (D:4)
  Prince Ribbit (D:4)
  2 hornets
  16 blink frogs
  7 slime creatures (D:12)
  8 hippogriffs
  10 dream sheep (Lair:6)
  10 wyverns
  6 wraiths
  50 yaks
  A hungry ghost (D:15)
  6 hogs
  8 vampire mosquitoes
  Edmund (D:5)
  A steam dragon (Lair:6)
  2 nagas (Lair:3)
  An acid dragon (D:15)
  5 water moccasins
  7 porcupines
  4 hell hounds
  8 sky beasts
  6 orc warriors
  6 ice beasts
  10 ogres
  2 phantoms
  A black bear (D:8)
  30 wolves
  7 centaurs
  9 crocodiles
  A big kobold (D:10)
  22 bullfrogs
  4 scorpions
  2 water moccasin skeletons
  21 killer bees
  An electric eel (Lair:5)
  7 howler monkeys
  5 lava snakes (Lair:6)
  A quasit (D:9)
  6 crimson imps
  9 orc priests
  A bullfrog zombie (D:5)
  3 jellies
  4 hounds
  8 orc wizards
  3 centaur skeletons
  6 iguanas
  Ijyb (D:5)
  17 worker ants
  A killer bee zombie (D:5)
  3 hound zombies
  A hound skeleton (D:7)
  A howler monkey zombie (D:10)
  Robin (D:4)
  14 adders
  7 gnolls
  A shadow imp (D:12)
  9 white imps (IceCv)
  9 ufetubi (IceCv)
  2 adder skeletons
  An adder zombie (D:7)
  4 worms
  A dart slug (D:2)
  A leopard gecko (D:5)
  57 orcs
  A ball python (D:6)
  3 bats
  5 giant cockroaches
  16 goblins
  7 hobgoblins
  3 jackals (D:2)
  11 kobolds
  6 quokkas
  5 frilled lizards
  A giant cockroach zombie (D:5)
  A quokka skeleton (D:8)
  10 rats
  4 fungi
  8 plants
642 creatures vanquished.

Vanquished Creatures (collateral kills)
  Kirke (D:15)
  A deep elf mage (D:15)
2 creatures vanquished.

Vanquished Creatures (others)
  A white imp (IceCv)
  An ufetubus (IceCv)
  An orc (D:15)
  15 fungi
  7 plants
25 creatures vanquished.

Grand Total: 669 creatures vanquished

Notes
Turn   | Place    | Note
-------+----------+-------------------------------------------
     0 | D:1      | Blackhawk the Gargoyle Gladiator began the quest for the
                  | Orb.
     0 | D:1      | Reached XP level 1. HP: 12/12 MP: 1/1
   380 | D:1      | Reached XP level 2. HP: 18/18 MP: 2/2
   963 | D:2      | Reached XP level 3. HP: 17/22 MP: 3/3
  1534 | D:2      | Reached skill level 3 in Fighting
  1534 | D:2      | Reached XP level 4. HP: 28/28 MP: 4/4
  1922 | D:3      | Found an opulent altar of Gozag.
  2138 | D:3      | Reached skill level 1 in Armour
  2249 | D:3      | Reached XP level 5. HP: 32/32 MP: 5/5
  2600 | D:4      | Found Ruvaibbu's Antique Weapon Emporium.
  2612 | D:4      | Noticed Robin
  3096 | D:4      | Killed Robin
  3096 | D:4      | Reached XP level 6. HP: 25/38 MP: 6/6
  3275 | D:4      | Found Lomamm's Antique Armour Shop.
  3426 | D:4      | Noticed Grinder
  3586 | D:4      | Reached skill level 4 in Fighting
  3749 | D:4      | Paralysed by Grinder for 6 turns
  3757 | D:4      | Gained mutation: You are partially covered in icy blue
                  | scales. (AC +2) [potion of mutation]
  3757 | D:4      | Gained mutation: You evolve. [potion of mutation]
  3774 | D:4      | Killed Grinder
  3774 | D:4      | Reached XP level 7. HP: 44/44 MP: 7/7
  3926 | D:4      | Found Tuzorph's Antique Weapon Shop.
  3948 | D:4      | Gained mutation: You are frail. (-10% HP) [evolution]
  3992 | D:5      | Entered Level 5 of the Dungeon
  4022 | D:5      | Noticed Prince Ribbit
  4707 | D:4      | HP: 1/39 [Prince Ribbit (5)]
  4710 | D:4      | Killed Prince Ribbit
  4710 | D:4      | Reached skill level 5 in Fighting
  4710 | D:4      | Reached skill level 5 in Maces & Flails
  5068 | D:5      | Reached XP level 8. HP: 28/44 MP: 8/8
  5194 | D:5      | Noticed Ijyb
  5202 | D:5      | Killed Ijyb
  5419 | D:5      | Found a sparkling altar of Nemelex Xobeh.
  5739 | D:4      | Bought a warped hand axe for 240 gold pieces
  5739 | D:4      | Identified the +5 hand axe of Tenacity {elec, +Rage rElec
                  | rF+ Dex-5} (You bought it in a shop on level 4 of the
                  | Dungeon)
  5942 | D:5      | Noticed Edmund
  6133 | D:5      | Killed Edmund
  6133 | D:5      | Reached skill level 6 in Fighting
  6133 | D:5      | Reached skill level 1 in Axes
  6133 | D:5      | Reached skill level 5 in Armour
  6133 | D:5      | Reached skill level 5 in Dodging
  6518 | D:6      | Reached XP level 9. HP: 40/50 MP: 9/9
  6959 | D:6      | Found Kunn's Magic Scroll Emporium.
  7202 | D:7      | Noticed a hornet
  7205 | D:7      | Reached skill level 7 in Fighting
  7207 | D:7      | Killed a hornet
  7226 | D:7      | Found a staircase to the Ecumenical Temple.
  7235 | Temple   | Entered the Ecumenical Temple
  7433 | Temple   | Gained mutation: Your mind is acute. (Int +2) [evolution]
  7596 | D:7      | Found an iron altar of Okawaru.
  7614 | D:7      | Became a worshipper of Warmaster Okawaru
  7639 | D:7      | Reached XP level 10. HP: 45/57 MP: 10/10
  7906 | D:7      | Found a stormy altar of Qazlal.
  7949 | D:7      | Found a burning altar of Makhleb.
  7989 | D:7      | Found a sacrificial altar of Ru.
  8071 | D:8      | Found Fitzecw's Armour Boutique.
  8142 | D:8      | Found a staircase to the Lair.
  8150 | D:8      | Found Hoapraxt's Jewellery Boutique.
  8185 | D:8      | Reached skill level 8 in Fighting
  8199 | D:8      | Found Ypikk's Weapon Shoppe.
  8368 | D:8      | Found a blossoming altar of Fedhas.
  8552 | D:8      | Reached * piety under Okawaru
  8812 | D:8      | Gained mutation: You are mostly covered in icy blue scales.
                  | (AC +3) [evolution]
  9050 | D:9      | Reached skill level 5 in Axes
  9551 | D:9      | Reached ** piety under Okawaru
  9554 | D:9      | Reached skill level 1 in Invocations
  9794 | D:9      | Reached skill level 9 in Fighting
 10220 | D:9      | Reached XP level 11. HP: 63/63 MP: 12/12
 10371 | D:9      | Found a bloodstained altar of Trog.
 10372 | D:9      | Found a snail-covered altar of Cheibriados.
 10441 | D:10     | Entered Level 10 of the Dungeon
 11354 | D:4      | Bought a crude chain mail for 294 gold pieces
 11364 | D:4      | Identified the cursed +1 chain mail of the Bulwark {rElec
                  | Slay+2 SInv} (You bought it in a shop on level 4 of the
                  | Dungeon)
 11607 | D:11     | Noticed a purple ugly thing
 11622 | D:11     | Killed a purple ugly thing
 11622 | D:11     | Reached *** piety under Okawaru
 11882 | D:11     | Noticed a manticore
 11899 | D:11     | Killed a manticore
 12162 | D:11     | Noticed a manticore
 12169 | D:11     | Killed a manticore
 12391 | D:11     | Found a deep blue altar of Sif Muna.
 12547 | Lair:1   | Entered Level 1 of the Lair of Beasts
 12782 | Lair:1   | You fall through a shaft!
 12817 | Lair:2   | Reached **** piety under Okawaru
 12988 | Lair:1   | Got a bloodstained chain mail
 13175 | Lair:1   | Reached skill level 10 in Fighting
 13188 | Lair:1   | Noticed Joseph
 13199 | Lair:1   | Killed Joseph
 13457 | Lair:1   | Identified the +4 chain mail of Sif Muna's Envy {Dex+7}
                  | (You found it on level 1 of the Lair of Beasts)
 13536 | Lair:2   | Reached ***** piety under Okawaru
 13690 | Lair:2   | Reached skill level 5 in Invocations
 13957 | Lair:2   | Reached XP level 12. HP: 61/69 MP: 15/15
 14318 | Lair:3   | Found a staircase to the Snake Pit.
 14468 | Lair:3   | Reached skill level 10 in Armour
 14699 | Lair:3   | Received a gift from Okawaru
 14787 | Lair:3   | Gained mutation: Your flesh is cold resistant. (rC+)
                  | [evolution]
 15357 | Lair:4   | Found a staircase to the Swamp.
 15369 | Lair:4   | Received a gift from Okawaru
 15965 | Lair:4   | Noticed a death yak
 15966 | Lair:4   | Noticed a death yak
 15966 | Lair:4   | Noticed a death yak
 15967 | Lair:4   | Noticed a death yak
 15967 | Lair:4   | Noticed a death yak
 15993 | Lair:4   | Killed a death yak
 15993 | Lair:4   | Received a gift from Okawaru
 15994 | Lair:4   | Noticed a death yak
 16001 | Lair:4   | Killed a death yak
 16001 | Lair:4   | Reached skill level 11 in Fighting
 16001 | Lair:4   | Killed a death yak
 16001 | Lair:4   | Received a gift from Okawaru
 16006 | Lair:4   | Killed a death yak
 16019 | Lair:4   | Killed a death yak
 16022 | Lair:4   | Killed a death yak
 16294 | Lair:4   | Reached XP level 13. HP: 56/76 MP: 17/17
 16400 | Lair:4   | Reached ****** piety under Okawaru
 16433 | Lair:5   | Reached skill level 12 in Fighting
 16730 | Lair:4   | Received a gift from Okawaru
 16960 | Lair:5   | Found a staircase to the Slime Pits.
 16960 | Lair:5   | Found a viscous altar of Jiyva.
 17102 | Lair:5   | Noticed Snorg
 17114 | Lair:5   | Killed Snorg
 17487 | Lair:6   | Entered Level 6 of the Lair of Beasts
 17916 | Lair:5   | Lost mutation: You are frail. (-10% HP) [evolution]
 18518 | Lair:6   | Reached skill level 13 in Fighting
 18521 | Lair:6   | Received a gift from Okawaru
 19023 | Lair:6   | Gained mutation: Your spells are a little harder to cast,
                  | but a little more powerful. [evolution]
 19596 | Lair:6   | Gained mutation: Your large and strong wings let you fly
                  | indefinitely. [Gargoyle growth]
 19596 | Lair:6   | Reached XP level 14. HP: 94/94 MP: 18/18
 19700 | Lair:6   | Reached skill level 10 in Dodging
 20036 | Lair:6   | Found a large runed translucent door.
 20037 | Lair:6   | Found a large runed translucent door.
 20132 | Lair:6   | Received a gift from Okawaru
 20243 | Lair:6   | Noticed Josephine
 20627 | Lair:6   | Reached skill level 14 in Fighting
 20783 | Lair:6   | Killed Josephine
 21806 | D:12     | Received a gift from Okawaru
 21824 | D:12     | Found a blossoming altar of Fedhas.
 22140 | D:12     | Found a staircase to the Orcish Mines.
 22408 | D:12     | You fall through a shaft for 3 floors!
 22408 | D:15     | Entered Level 15 of the Dungeon
 22421 | D:15     | Found Panwon's Antique Armour Shop.
 22441 | D:15     | Got a spiked plate armour
 22610 | D:15     | Found Viptael's Magic Scroll Shoppe.
 22701 | D:15     | Reached skill level 10 in Axes
 22943 | D:15     | Found Foguepenna's General Store.
 23014 | D:15     | Received a gift from Okawaru
 23017 | D:15     | Got a pair of bloodstained gloves {god gift}
 23041 | D:15     | Identified the +1 pair of gloves "Joqer" {rF- Int-3 Dex+7
                  | SInv} (Okawaru gifted it to you on level 15 of the Dungeon)
 23052 | D:15     | Identified the +0 plate armour of Mualaung {-Cast Dex+5}
                  | (You found it on level 15 of the Dungeon)
 23099 | D:15     | Found Liyjuj's Antique Armour Emporium.
 23258 | D:15     | Found Ihoil's Gadget Boutique.
 23301 | D:15     | Noticed Kirke
 23367 | D:14     | HP: 4/96 [hog[Kirke] (12)]
 23611 | D:15     | Killed Kirke
 23750 | D:15     | Reached skill level 15 in Fighting
 24037 | D:15     | Found a staircase to the Depths.
 24282 | D:15     | Reached XP level 15. HP: 97/103 MP: 19/19
 24973 | D:15     | Received a gift from Okawaru
 25141 | D:14     | Reached skill level 1 in Shields
 25165 | D:14     | Reached skill level 1 in Evocations
 25293 | D:14     | Found a gate to the Vaults.
 26045 | D:13     | Found a portal to a secret trove of treasure.
 26256 | D:13     | Found a frozen archway.
 26283 | IceCv    | Entered an ice cave
 27849 | IceCv    | Mangled by a reaper

Vault maps used:
D:1:      lightli_arrival_statuegarden, roderic_lattice_a, minmay_pentomino_p2
D:2:      kennysheep_generic_room_13
D:3:      nicolae_overflow_crystal_walls
D:4:      first_ration, serial_shops, shop, kennysheep_mini, shop, uniq_robin,
          uniq_grinder
D:5:      overflow_temple_1_default, nicolae_zen_rock_garden,
          uniq_prince_ribbit1, uniq_ijyb, uniq_edmund
D:6:      hangedman_cross_stitches, serial_shops, shop, corexii_leaking_fountain
D:7:      grunt_qazlal_clouds, overflow_temple_1_default, kennysheep_little_box,
          lemuel_doored_altar, temple_fountains
D:8:      kennysheep_mini_moat, dpeg_oklobed_lair, serial_shops, shop,
          nicolae_shop_waterfront, shop, david_nohive_1
D:9:      gammafunk_temple_overflow_statue
D:11:     statue_in_the_mist_lemuel, minmay_holes, minmay_misc_feat_diagonals,
          lemuel_blue_sif_altar
D:12:     hiddenorc1_lemuel, fedhas_altar_3
D:13:     enter_trove_6, serial_ice, serial_ice_f, serial_ice_d, serial_ice_c,
          serial_ice_h, portal_ice_cave_entry_pillars_1
D:14:     erik_vaults_2
D:15:     hangedman_depths_entry_civil_slaughter, serial_shops, shop,
          nicolae_shop_trees, shop, nicolae_shop_window_shopping,
          nicolae_shop_temple_entry_statues_fountains,
          chequers_serial_rivers_micro_c, uniq_kirke
Temple:   dshaligram_water_room_temple
Lair:1:   uniq_joseph
Lair:3:   guppyfry_snake_entry_island
Lair:4:   minmay_swamp_entry_reptiles
Lair:5:   slime_altar_1, grunt_megastairs_1, serial_bayou_shore_a,
          serial_bayou_shore_b, uniq_snorg
Lair:6:   cheibrodos_lair_end_hotspot, chequers_serial_rivers_micro_b,
          columned_hall_lemuel, grunt_forest_stairs_basic, uniq_josephine
IceCv:    ice_cave_small_demon

Skill      XL: |  1  2  3  4  5  6  7  8  9 10 11 12 13 14 15 |
---------------+----------------------------------------------+-----
Throwing       | 2 |  2.4
Fighting       | 3 4 5 6 7 9 10 11 13 15 | 15.8
Dodging        | 3 4 5 6 7 8 9 10 | 10.8
Armour         | 1 2 3 4 5 7 8 9 10 11 12 13 | 13.3
Maces & Flails | 4 5 |  5.8
Axes           | 1 4 5 6 8 9 10 | 10.7
Invocations    | 2 5 6 |  6.5
Shields        | 2 |  2.8
Evocations     | 2 |  2.3

Action                   |  1- 3 |  4- 6 |  7- 9 | 10-12 | 13-15 || total
-------------------------+-------+-------+-------+-------+-------++-------
Melee: Flail             |   108 |   198 |     7 |       |       ||   313
       Whip              |       |       |   185 |       |    10 ||   195
       Hand axe          |       |       |   157 |   607 |  1156 ||  1920
       Punch             |       |       |       |     3 |     2 ||     5
       Great mace        |       |       |       |       |    18 ||    18
       Unarmed           |       |       |       |       |    22 ||    22
       Battleaxe         |       |       |       |       |     5 ||     5
Throw: Tomahawk          |       |       |       |     1 |       ||     1
Invok: Heroism           |       |       |       |     1 |     9 ||    10
       Finesse           |       |       |       |     1 |     1 ||     2
 Abil: Evoke Berserk Rag |       |       |       |       |     1 ||     1
       Fly               |       |       |       |       |     1 ||     1
       Stop Flying       |       |       |       |       |     1 ||     1
Evoke: Wand              |       |       |     2 |       |     3 ||     5
       Sack of spiders   |       |       |       |       |     2 ||     2
  Use: Scroll            |       |     6 |       |    14 |    15 ||    35
       Potion            |       |     8 |     1 |     1 |     2 ||    12
 Stab: Distracted        |       |       |     1 |       |       ||     1
       Held in net/web   |       |       |       |       |     5 ||     5
  Eat: Chunk             |     2 |     7 |    10 |    20 |    33 ||    72
       Ration            |       |       |     1 |     2 |     2 ||     5
Armor: Leather armour    |    46 |   134 |    20 |       |       ||   200
       Skin              |       |     3 |       |       |       ||     3
       Steam dragon scal |       |       |   138 |   180 |       ||   318
       Chain mail        |       |       |       |   272 |   501 ||   773
       Plate armour      |       |       |       |       |   298 ||   298
Dodge: Dodged            |    66 |   182 |   239 |   444 |   667 ||  1598
Block: Shield            |       |       |       |       |   119 ||   119

Table legend:
 A = Non-vault XP
 B = Vault XP
 C = Vault XP percentage of total XP
 D = Non-vault monster count
 E = Vault monster count
 F = Vault count percentage of total count
                 A         B        C        D         E       F
            +---------+---------+-------+---------+---------+-------
      Total |   72813 |   36232 |  33.2 |     474 |     158 |  25.0
            +---------+---------+-------+---------+---------+-------
        D:1 |      13 |       1 |   7.1 |       9 |       1 |  10.0
        D:2 |      73 |       2 |   2.7 |      19 |       1 |   5.0
        D:3 |     197 |      19 |   8.8 |      27 |      10 |  27.0
        D:4 |     316 |     574 |  64.5 |      11 |       5 |  31.2
        D:5 |     668 |     206 |  23.6 |      23 |       2 |   8.0
        D:6 |     396 |     635 |  61.6 |      16 |       8 |  33.3
        D:7 |    1317 |      61 |   4.4 |      28 |       1 |   3.4
        D:8 |    1115 |    1163 |  51.1 |      18 |      15 |  45.5
        D:9 |    2252 |       0 |   0.0 |      30 |       0 |   0.0
       D:10 |    1276 |       0 |   0.0 |      16 |       0 |   0.0
       D:11 |    2251 |       0 |   0.0 |      14 |       0 |   0.0
       D:12 |    6205 |     251 |   3.9 |      29 |      17 |  37.0
       D:13 |    1935 |     445 |  18.7 |      14 |       2 |  12.5
       D:14 |    6540 |    5053 |  43.6 |      35 |       6 |  14.6
       D:15 |    8255 |   10241 |  55.4 |      29 |      15 |  34.1
     Temple |     415 |       0 |   0.0 |       2 |       0 |   0.0
     Lair:1 |    2708 |     439 |  13.9 |      12 |       1 |   7.7
     Lair:2 |    2405 |       0 |   0.0 |      12 |       0 |   0.0
     Lair:3 |    4462 |     329 |   6.9 |      28 |       2 |   6.7
     Lair:4 |   10597 |     464 |   4.2 |      22 |       4 |  15.4
     Lair:5 |    5003 |    3223 |  39.2 |      21 |      11 |  34.4
     Lair:6 |   14414 |    8609 |  37.4 |      59 |      27 |  31.4
      IceCv |       0 |    4517 | 100.0 |       0 |      30 | 100.0
            +---------+---------+-------+---------+---------+-------
